 Dungeon Crawl Stone Soup version 0.24-a0-459-g225fefd530 (webtiles) character file.

Game seed: 1870505581277546708

331 MachJacob the Cudgeler (level 6, -16/39 HPs)
             Began as a Gargoyle Monk on June 28, 2019.
             Was a Priest of Kikubaaqudgha.
             Demolished by an ogre
             ... wielding a +0 giant club
              (27 damage)
             ... on level 5 of the Dungeon.
             The game lasted 00:17:36 (4628 turns).

MachJacob the Cudgeler (Gargoyle Monk)              Turns: 4628, Time: 00:17:36

Health: -16/39     AC:  8    Str: 15    XL:     6   Next: 51%
Magic:  8/8        EV: 13    Int: 11    God:    Kikubaaqudgha [***...]
Gold:   267        SH:  0    Dex: 13    Spells: 7/8 levels left

rFire    . . .     SeeInvis .   a - +0 mace
rCold    . . .     Gourm    .   (no shield)
rNeg     + . .     Faith    .   b - +1 robe
rPois    ∞         Spirit   .   (no helmet)
rElec    +         Reflect  .   p - +0 cloak
rCorr    .         Harm     .   (no gloves)
MR       .....                  (no boots)
Stlth    ++........             (no amulet)
HPRegen  0.13/turn              (no ring)
MPRegen  0.11/turn              (no ring)

@: no status effects
A: negative energy resistance 1, electricity resistance, unbreathing,
petrification resistance, rot immunity, AC +4
a: Receive Corpses, Renounce Religion


You were on level 5 of the Dungeon.
You worshipped Kikubaaqudgha.
Kikubaaqudgha was most pleased with you.
You were not hungry.

You visited 1 branch of the dungeon, and saw 5 of its levels.

You collected 267 gold pieces.

Inventory:

Hand Weapons
 a - a +0 mace (weapon)
 q - a +0 mace of protection
   (You found it on level 4 of the Dungeon)
Missiles
 i - 84 stones (quivered)
Armour
 b - a +1 robe (worn)
 p - a +0 cloak (worn)
   (You found it on level 3 of the Dungeon)
Wands
 m - a wand of enslavement (6)
   (You took it off an orc on level 3 of the Dungeon)
Scrolls
 g - 2 scrolls of enchant armour
 h - 2 scrolls of teleportation {unknown}
 j - a scroll of magic mapping
 k - 2 scrolls of fog {unknown}
 l - 6 scrolls of identify {unknown}
 n - a scroll of enchant weapon {unknown}
 r - a scroll of blinking {unknown}
 u - a scroll of vulnerability {unknown}
Potions
 c - a potion of cancellation {unknown}
 d - 2 potions of heal wounds {unknown}
 f - a potion of degeneration {unknown}
 o - 3 potions of flight {unknown}
 s - a potion of ambrosia {unknown}
 t - a potion of curing {unknown}
Comestibles
 e - 2 rations {!d}


   Skills:
 + Level 4.4 Fighting
 * Level 5.0 Maces & Flails
 + Level 3.3 Dodging
 - Level 2.1 Stealth
 + Level 1.5 Spellcasting
 + Level 1.3 Necromancy


You had 7 spell levels left.
You knew the following spells:

 Your Spells              Type           Power        Failure   Level  Hunger
u - Animate Skeleton      Necr           N/A          17%         1    ##.....

Your spell library contained the following spells:

 Spells                   Type           Power        Failure   Level  Hunger
 Pain                     Necr           #...         17%         1    ##.....
 Corpse Rot               Necr           N/A          26%         2    ###....
 Vampiric Draining        Necr           #.........   45%         3    ####...
 Animate Dead             Necr           N/A          86%         4    #####..
 Agony                    Necr           #.......     99%         5    ######.
 Dispel Undead            Necr           #.......     99%         5    ######.
 Borgnjor's Vile Clutch   Necr/Erth      #.........   100%        5    ######.
 Excruciating Wounds      Chrm/Necr      #.........   100%        5    ######.


Dungeon Overview and Level Annotations

Branches:
Dungeon (5/15)
 Temple: D:4-7

Altars:
Kikubaaqudgha
Okawaru

Annotations:
D:3 Grinder
D:4 exclusion: centaur


Innate Abilities, Weirdness & Mutations

You are resistant to torment.
Your stone body is resilient. (AC +4)
You are immune to poison.
You resist negative energy. (rN+)
You are resistant to electric shocks. (rElec)
You can survive without breathing.
You are immune to petrification.
You are immune to rotting.


Message History

You hit the worker ant. The worker ant closely misses you.
The worker ant completely misses you.
You hit the worker ant. The worker ant barely misses you.
You hit the worker ant.
You kill the worker ant!
Kikubaaqudgha accepts your kill.
Your Maces & Flails skill increases to level 5!
Found 14 gold pieces.
Found an escape hatch in the floor.
There is an escape hatch in the floor here.
Found 12 poisoned darts.
You now have 237 gold pieces (gained 14).
Found 19 gold pieces and a scroll labeled HUNELA MURICWU.
Found a ration.
You now have 256 gold pieces (gained 19).
Found a scroll labeled XAMPOONGUIG.
e - 2 rations {!d} (gained 1)
Found a scroll labeled XAMPOONGUIG.
l - 4 scrolls labeled XAMPOONGUIG (gained 1)
Found 11 gold pieces.
You now have 267 gold pieces (gained 11).
l - 5 scrolls labeled XAMPOONGUIG (gained 1)
u - a scroll labeled HUNELA MURICWU
Found 21 stones.
i - 87 stones (gained 21)
Found a scroll labeled XAMPOONGUIG.
l - 6 scrolls labeled XAMPOONGUIG (gained 1)
An ogre comes into view. It is wielding a +0 giant club.
The ogre shouts!
There is an escape hatch in the floor here.
Throwing (i - inventory)
i - 87 stones (quivered)
Aim: an ogre, wielding a +0 giant club You throw a stone.
The stone hits the ogre.
Throwing (i - inventory)
i - 86 stones (quivered)
Aim: an ogre, wielding a +0 giant club (lightly wounded)
You throw a stone. The stone hits the ogre.
You hit the ogre. The ogre barely misses you.
You hit the ogre. The ogre hits you with a +0 giant club!
You sock the ogre! The ogre barely misses you.
Throwing (i - inventory)
i - 85 stones (quivered)
Aim: an ogre, wielding a +0 giant club (heavily wounded)
You throw a stone.
The stone hits the ogre but does no damage.
You hit the ogre.
The ogre hits you with a +0 giant club!!
* * * LOW HITPOINT WARNING * * *
Found a dagger.
The ogre hits you with a +0 giant club!!
Ouch! That really hurt!
You die...
Kikubaaqudgha rasps: "You have failed me!
Welcome... oblivion!"

#..#######O##.#....###
#.
#..........##.#.....#.
#.#
######.######.....8...
#.#
#....(.....##.#.....#.
#.#
#.####........#....#..
#.# #.#
#..##.####..#...#
#.###.## #..## #
#..#####
#.##...###..##.## #..#
# #.......O@......%
...# #
#.##<...##..##)#####.#
# ##.###.#.# ..# #.# #
#............# #.#
#######..###..).....
.#
##.................##
##.##.#.######.##..#
.......#.# #.# ...
......#.##


You could see an ogre.

Vanquished Creatures
  A hound (D:4)
  An orc priest (D:3)
  An orc wizard (D:3)
  An iguana (D:4)
  A worker ant (D:5)
  6 adders
  An ooze (D:4)
  3 worms
  5 dart slugs
  2 leopard geckos (D:2)
  7 orcs (D:3)
  6 giant cockroaches
  7 goblins
  3 hobgoblins (D:1)
  3 jackals (D:1)
  A quokka (D:2)
  10 bats
  5 frilled lizards
  6 kobolds
  11 rats
81 creatures vanquished.

Vanquished Creatures (collateral kills)
  A scorpion (D:4)
  A leopard gecko (D:3)
  An orc (D:3)
  A hobgoblin (D:2)
  A bat (D:2)
  A rat (D:2)
6 creatures vanquished.

Grand Total: 87 creatures vanquished

Notes
Turn   | Place    | Note
-------+----------+-------------------------------------------
     0 | D:1      | MachJacob the Gargoyle Monk began the quest for the Orb.
     0 | D:1      | Reached XP level 1. HP: 14/14 MP: 1/1
   223 | D:1      | Reached XP level 2. HP: 19/19 MP: 2/2
   708 | D:1      | Reached XP level 3. HP: 17/23 MP: 3/3
  1386 | D:2      | Found an ancient bone altar of Kikubaaqudgha.
  1401 | D:2      | Became a worshipper of Kikubaaqudgha
  1401 | D:2      | Reached * piety under Kikubaaqudgha
  1401 | D:2      | Identified Kikubaaqudgha's Papyrus of Evil Magic
                  | (Kikubaaqudgha gifted it to you on level 2 of the Dungeon)
  1401 | D:2      | Received a gift from Kikubaaqudgha
  1401 | D:2      | Reached ** piety under Kikubaaqudgha
  1449 | D:2      | Learned a level 1 spell: Animate Skeleton
  1597 | D:2      | Reached XP level 4. HP: 29/29 MP: 4/4
  1611 | D:2      | Reached skill level 4 in Maces & Flails
  2291 | D:3      | Noticed Grinder
  2807 | D:3      | Reached XP level 5. HP: 28/33 MP: 5/5
  3062 | D:3      | Reached skill level 1 in Spellcasting
  3071 | D:3      | Reached *** piety under Kikubaaqudgha
  3071 | D:3      | Identified Kikubaaqudgha's Incunabulum of Stolen Souls
                  | (Kikubaaqudgha gifted it to you on level 3 of the Dungeon)
  3071 | D:3      | Received a gift from Kikubaaqudgha
  3248 | D:3      | Reached skill level 1 in Necromancy
  3542 | D:4      | Found an iron altar of Okawaru.
  3606 | D:4      | Noticed a phantom
  3672 | D:4      | Noticed a centaur
  3756 | D:4      | Reached XP level 6. HP: 38/38 MP: 7/7
  4434 | D:5      | Entered Level 5 of the Dungeon
  4484 | D:5      | Reached skill level 5 in Maces & Flails
  4628 | D:5      | Demolished by an ogre

Levels and vault maps discovered:
D:1:      dpeg_arrival_more_subterranean_lakeside_camping, layout_basic
D:2:      layout_basic, old_standard_altar, first_ration
D:3:      layout_loops_ring, uniq_grinder
D:4:      layout_gridville, okawaru_ov_weapons_minmay, patterned_corridor
D:5:      minmay_diamond_boxcup, layout_loops_ring, cheibrodos_ashenzari_chains,
          led_sif_book, minmay_misc_feat_four_crosses, uniq_sigmund

Skill      XL: |  1  2  3  4  5  6 |
---------------+-------------------+-----
Maces & Flails | 4 5 |  5.0
Dodging        | 3 |  3.3
Fighting       | 4 |  4.4
Spellcasting   | 1 |  1.5
Necromancy     | 1 |  1.3
Stealth        | |  2.1

Action                   |  1- 3 |  4- 6 || total
-------------------------+-------+-------++-------
Melee: Mace              |   137 |   185 ||   322
Throw: Stone             |    11 |    17 ||    28
 Cast: Animate Skeleton  |     3 |    10 ||    13
  Use: Scroll            |     1 |     1 ||     2
 Stab: Sleeping          |     6 |     6 ||    12
       Distracted        |     1 |       ||     1
  Eat: Chunk             |     3 |     4 ||     7
       Ration            |       |     2 ||     2
Armor: Robe              |    50 |    71 ||   121
Dodge: Dodged            |    88 |   156 ||   244

Table legend:
 A = Non-vault XP
 B = Vault XP
 C = Vault XP percentage of total XP
 D = Non-vault monster count
 E = Vault monster count
 F = Vault count percentage of total count
                 A         B        C        D         E       F
            +---------+---------+-------+---------+---------+-------
      Total |     473 |       0 |   0.0 |      87 |       0 |   0.0
            +---------+---------+-------+---------+---------+-------
        D:1 |      48 |       0 |   0.0 |      27 |       0 |   0.0
        D:2 |      50 |       0 |   0.0 |      18 |       0 |   0.0
        D:3 |     178 |       0 |   0.0 |      35 |       0 |   0.0
        D:4 |     164 |       0 |   0.0 |       6 |       0 |   0.0
        D:5 |      33 |       0 |   0.0 |       1 |       0 |   0.0
            +---------+---------+-------+---------+---------+-------
